 Dungeon Crawl Stone Soup version 0.17-a0-1914-gde4187c (webtiles) character file.

1750 Ijustatesigmund the Cleaver (level 9, -7/82 HPs)
             Began as a Hill Orc Fighter on Sept 26, 2015.
             Was a Priest of Jiyva.
             Mangled by Joseph
             ... wielding a +0 quarterstaff
              (10 damage)
             ... on level 7 of the Dungeon.
             The game lasted 00:12:26 (5783 turns).

Ijustatesigmund the Cleaver (Hill Orc Fighter)      Turns: 5783, Time: 00:12:26

Health: -7/82      AC:  9    Str: 20    XL:     9   Next: 6%
Magic:  18/18      EV:  8    Int:  8    God:    Jiyva [***...]
Gold:   210        SH:  9    Dex: 12    Spells: 0 memorised, 8 levels left

rFire  + . .     SeeInvis .     a - +0 war axe
rCold  x . .     Clarity  .     b - +0 scale mail
rNeg   . . .     SustAt   .     c - +0 shield
rPois  .         Gourm    .     (no helmet)
rElec  .         Spirit   .     (no cloak)
rCorr  +         Warding  .     (no gloves)
rMut   .         Stasis   .     r - +1 pair of boots
MR     .....                    (no amulet)
Stlth  ..........               k - ring of magical power
                                l - ring of fire

@: not resistant to hostile enchantments, extremely unstealthy
A: wild magic 1
a: Request Jelly, Jelly Paralyse, Renounce Religion


You were on level 7 of the Dungeon.
You worshipped Jiyva.
Jiyva was most pleased with you.
You were not hungry.

You visited 1 branch of the dungeon, and saw 7 of its levels.
You also visited: Sewer.

You collected 210 gold pieces.

Inventory:

Hand weapons
 a - a +0 war axe (weapon)
 p - a cursed +0 glaive
 A - a +0 war axe
 C - a +1 hand axe of flaming
Armour
 b - a +0 scale mail (worn)
 c - a +0 shield (worn)
 r - a +1 pair of boots (worn)
Jewellery
 g - an uncursed ring of wizardry {unknown}
 k - a ring of magical power (right hand)
 l - a ring of fire (left hand)
 B - an uncursed amulet of warding {unknown}
Scrolls
 f - a scroll of amnesia
 i - 5 scrolls of remove curse
 o - 2 scrolls of fear
 q - 2 scrolls of identify
 s - 6 scrolls of teleportation
 v - a scroll of blinking {unknown}
 y - a scroll of random uselessness {unknown}
Potions
 d - a potion of might
 j - 3 potions of curing
 m - a potion of heal wounds
 t - 2 potions of haste
 u - a potion of magic
 w - a potion of flight
 x - a potion of agility {unknown}
 z - a potion of brilliance {unknown}
Comestibles
 e - 7 bread rations
 h - 2 beef jerkies
 n - 3 meat rations


   Skills:
 + Level 8.5 Fighting
 + Level 11.3 Axes
 + Level 4.1 Armour
 + Level 1.3 Dodging
 + Level 4.0 Shields


You had 8 spell levels left.
You didn't know any spells.

Dungeon Overview and Level Annotations

Branches:
Dungeon (7/15)             Temple (0/1) D:5

Altars:
Kikubaaqudgha
Yredelemnul
Jiyva

Annotations:
D:7 Joseph


Innate Abilities, Weirdness & Mutations

Your spells are a little harder to cast, but a little more powerful.


Message History

Joseph is severely wounded.
Joseph hits you with an uncursed quarterstaff.
Your scale mail prevents you from hitting Joseph.
Joseph is severely wounded.
Joseph hits you with an uncursed quarterstaff!
You hit Joseph.
Joseph is almost dead.
Joseph hits you with an uncursed quarterstaff!
* * * LOW HITPOINT WARNING * * *
You hear a distant slurping noise.
Jiyva appreciates your sacrifice.
You feel a little less hungry.
You completely miss Joseph.
Joseph is almost dead.
Joseph hits you with an uncursed quarterstaff!
* * * LOW HITPOINT WARNING * * *
You closely miss Joseph.
Joseph is almost dead.
Joseph hits you with an uncursed quarterstaff!
You die...

#.#
#.#
#.#
#.#
#.#
#.#
#.#
#.#
##.##
#†#
#.(.#
#.#
#.(.#
#.#
#?(.#
#.#
##@##
#.#
#@#
...
...
###
##.##
#.#
#..
###


You could see Joseph.

Vanquished Creatures
  The ghost of Loris the Archer, an experienced HEHu of Nemelex Xobeh (D:6)
  The ghost of Loris the Archer, an average HEHu of Okawaru (D:4)
  A spriggan (D:7)
  Menkaure (D:6)
  An ice beast (D:5)
  A phantom (D:5)
  A centaur (D:5)
  A sky beast (D:4)
  3 giant frogs
  A scorpion (D:7)
  A crimson imp (D:7)
  A giant frog zombie (D:7)
  A jelly (D:4)
  2 hounds
  Jessica (D:3)
  A centaur skeleton (D:4)
  2 worker ants
  13 adders
  4 river rats
  5 oozes
  2 adder skeletons (D:4)
  2 worms
  6 giant geckos
  4 orcs
  4 giant cockroaches
  7 goblins
  8 hobgoblins
  13 jackals
  7 kobolds
  2 quokkas
  4 ball pythons
  7 bats
  10 giant newts
  A jackal skeleton (D:4)
  10 rats
130 creatures vanquished.

Vanquished Creatures (others)
  A centaur (D:5)
  An ogre (D:5)
  2 giant frogs (D:6)
  6 jellies
  A crimson imp (D:7)
  3 hounds
  An orc wizard (D:7)
  2 giant frog skeletons (D:5)
  2 adders (D:5)
  An adder zombie (D:5)
  A giant gecko (D:7)
  10 orcs
  A giant cockroach (D:5)
  2 giant newts
34 creatures vanquished.

Grand Total: 164 creatures vanquished

Notes
Turn   | Place    | Note
--------------------------------------------------------------
     0 | D:1      | Ijustatesigmund the Hill Orc Fighter began the quest for the Orb.
     0 | D:1      | Reached XP level 1. HP: 19/19 MP: 1/1
   141 | D:1      | Reached XP level 2. HP: 25/27 MP: 2/2
   347 | D:1      | Reached skill level 4 in Fighting
   680 | D:2      | Reached XP level 3. HP: 33/33 MP: 3/3
   690 | D:2      | Found a faded altar to an unknown god.
   918 | D:2      | Reached XP level 4. HP: 22/41 MP: 4/4
  1320 | D:2      | Reached skill level 5 in Axes
  1705 | D:3      | Reached XP level 5. HP: 20/47 MP: 5/5
  1842 | D:3      | Found a glowing drain.
  1852 | D:3      | Reached skill level 5 in Fighting
  1888 | Sewer    | Entered a sewer
  2100 | Sewer    | Reached skill level 6 in Axes
  2711 | D:3      | Noticed Jessica
  2715 | D:3      | Killed Jessica
  2726 | D:3      | Reached XP level 6. HP: 56/56 MP: 6/6
  3012 | D:3      | Reached skill level 7 in Axes
  3528 | D:4      | Found a viscous altar of Jiyva.
  3551 | D:4      | Became a worshipper of Jiyva Juhyeff the Shapeless
  3582 | D:4      | Noticed Loris's ghost (average HEHu)
  3596 | D:4      | Killed Loris's ghost
  3596 | D:4      | Reached skill level 8 in Axes
  3596 | D:4      | Reached XP level 7. HP: 57/64 MP: 7/7
  3746 | D:4      | Reached skill level 9 in Axes
  4055 | D:5      | Entered Level 5 of the Dungeon
  4067 | D:5      | Found a staircase to the Ecumenical Temple.
  4129 | D:5      | Reached XP level 8. HP: 38/73 MP: 8/8
  4130 | D:5      | Acquired Jiyva's first power
  4237 | D:5      | HP: 1/73 [ice beast (19)]
  4239 | D:5      | Reached skill level 10 in Axes
  4474 | D:5      | Acquired Jiyva's second power
  4970 | D:6      | Found a basalt altar of Yredelemnul.
  4971 | D:6      | Found an ancient bone altar of Kikubaaqudgha.
  5063 | D:6      | Noticed Loris's ghost (experienced HEHu)
  5103 | D:6      | Killed Loris's ghost
  5171 | D:6      | Noticed Menkaure
  5177 | D:6      | Killed Menkaure
  5177 | D:6      | Reached skill level 11 in Axes
  5458 | D:7      | Reached skill level 1 in Dodging
  5596 | D:7      | Reached XP level 9. HP: 74/82 MP: 9/9
  5710 | D:7      | Gained mutation: Your spells are a little harder to cast, but a little more powerful. [Jiyva's grace]
  5764 | D:7      | Noticed Joseph
  5782 | D:7      | HP: 3/82 [Joseph/uncursed quarterstaff (9)]
  5783 | D:7      | Mangled by Joseph

Vault maps used:
D:1:      lightli_arrival_noodles
D:2:      ecumenical_altar_2, minmay_misc_feat_secret_circle
D:3:      wad_river_or_something, portal_sewer_entry_e, uniq_jessica
D:4:      jiyva_altar_1
D:5:      temple_fountains, first_bread, kennysheep_nub, serial_bayou_lagoon_b
D:6:      nicolae_whirlpool, grunt_temple_overflow_open,
          nicolae_for_you_no_charge, uniq_menkaure
D:7:      the_bakery, uniq_joseph
Sewer:    sewer_co_cracked_pipes

Action                   |  1- 3 |  4- 6 |  7- 9 || total
-------------------------+-------+-------+-------++-------
Melee: War axe           |   101 |   246 |   184 ||   531
  Use: Scroll            |     4 |     8 |       ||    12
  Eat: Chunk             |       |     4 |     3 ||     7
       Bread ration      |       |     1 |       ||     1
       Meat ration       |       |       |     1 ||     1
